Login

Henderson Silver Knights vs Calgary Wranglers

Created - 06 May 2024 at 23:10

Goals
1 2 3 T
Henderson Silver Knights 1 2 0 3
Calgary Wranglers 1 3 0 4
Shots
1 2 3 T
Henderson Silver Knights 6 21 13 40
Calgary Wranglers 11 16 7 34

GoalsPenalties
1st period
1. Calgary Wranglers , Jakob Pelletier 14 (Kevin Rooney 5) at 1:07
2. Henderson Silver Knights , Sheldon Rempal 14 (Gage Quinney 11) at 18:41
No Penalty
2nd period
3. Henderson Silver Knights , Mason Morelli 9 (Ben Hutton 7, Lukas Cormier 2) at 0:53
4. Calgary Wranglers , Adam Klapka 8 (Cole Schwindt 7, Connor Zary 12) at 1:56
5. Calgary Wranglers , Jakob Pelletier 15 (Mathias Emilio Pettersen 18, Kevin Rooney 6) at 3:36 (PP)
6. Calgary Wranglers , Mathias Emilio Pettersen 13 (Nick DeSimone 6, Jakob Pelletier 14) at 4:08
7. Henderson Silver Knights , Kaedan Korczak 1 (Brendan Brisson 5, Byron Froese 17) at 17:37
Brendan Brisson (HEN) for Interference (Minor) at 3:20
Ben Jones (CLG) for High sticking (Minor) at 15:27
3rd period
No Goal
Ben Jones (CLG) for High sticking (Minor) at 0:09
Brendan Brisson (HEN) for Roughing (Minor) at 2:52
Brady Lyle (CLG) for High sticking (Minor) at 6:53
Ivan Morozov (HEN) for Goalie Interference (Minor) at 14:54
Ilya Solovyov (CLG) for Cross-checking (Minor) at 15:17
Kaedan Korczak (HEN) for Delaying the game (Minor) at 18:51
Goalie Stats
Jiri Patera (HEN), 30 saves from 34 shots - (0.882), L, 10-5-3, 60:00 minutes
Oscar Dansk (CLG), 37 saves from 40 shots - (0.925), W, 6-5-3, 60:00 minutes
3 StarsOfficial
1 - Jakob Pelletier (CLG)
2 - Kevin Rooney (CLG)
3 - Mathias Emilio Pettersen (CLG)
Referees : Conor O'Donnell and Reid Anderson
Linesman : Brendan Lewis and Jonny Murray
Game Note
No Game Note
Finance
Level 1 -- Attendance: 1761 (88.05%) -- Ticket Income $61,635
Level 2 -- Attendance: 935 (93.50%) -- Ticket Income $14,025
Total Attendance: 2696 (89.87%)
Total Ticket Income: $75,660
Other Income: $37,073
Total Income: $112,733



Team Name Goals Shots Shots Attemp Shots Blocked PIM HIT PP PK FO%
Henderson Silver Knights 34070158240 / 4 (0%)147%
Calgary Wranglers 43468128231 / 4 (25%)053%

Henderson Silver Knights
Player Name POS G A P +/- PIM HIT SHT SB MP PP MP PP SHT PK MP PK SHT FO% FOT GA TA
Ben HuttonD0110022321:193:4202:1800% 000
Brendan BrissonRW0112402011:400:0700:0000% 100
Byron FroeseC011-1000218:093:1800:00070% 2300
Daniil ChaykaD0001001222:560:0001:2800% 000
Daniil MiromanovD0001035426:123:1902:1800% 011
Gage QuinneyLW0110003015:262:3200:0000% 102
Gordie GreenRW000-100009:340:0000:0000% 000
Grigori DenisenkoLW000-1045119:203:2211:02050% 420
Ivan MorozovC0000200016:032:5500:00033% 1200
Jonas RondbjergRW000-1035122:213:1802:44150% 811
Kaedan KorczakD1011213018:542:3801:0100% 011
Layton AhacD000-2020114:310:2300:2700% 011
Lukas CormierD011-1002015:342:3800:0000% 000
Mason GeertsenRW000-1043011:070:2300:1200% 000
Mason MorelliLW1012026115:210:3302:36150% 200
Mason PrimeauC0002010010:090:0000:00014% 700
Patrick GuayC000-100009:340:0000:00033% 310
Sheldon RempalRW1010023016:242:3200:5800% 110
Calgary Wranglers
Player Name POS G A P +/- PIM HIT SHT SB MP PP MP PP SHT PK MP PK SHT FO% FOT GA TA
Adam KlapkaRW101-1001216:441:2400:0000% 000
Ben JonesC0001434017:180:0000:0000% 010
Brady LyleD0000200111:090:0000:0000% 000
Clark BishopC0000031113:470:0001:38067% 301
Cole SchwindtC011-1032118:001:2401:34055% 1100
Colton PoolmanD0000011016:120:0003:5100% 001
Connor ZaryLW011-1003018:351:2401:34033% 311
Ilya SolovyovD0001201125:232:5403:4600% 000
Jakob PelletierLW21310112025:092:2213:02133% 921
Jeremie PoirierD000-1010222:480:5102:2900% 012
Keaton ThompsonD000000000:110:0000:0000% 000
Kevin RooneyC0221053019:582:2200:00050% 2600
Martin PospisilLW000000001:420:0000:0000% 000
Mathias Emilio PettersenLW1120023019:372:2203:08083% 610
Nick DeSimoneD0111021122:302:5500:0500% 001
Parker BellLW0000020215:490:0001:4400% 101
Rory KerinsC000000004:200:0000:000100% 300
Yan KuznetsovD000-1002122:480:5102:2900% 000

Henderson Silver Knights

5 vs 5 Forward
Line #Left WingCenterRight WingPHYDFOFWanted %Time %Time Play
1Grigori DenisenkoByron FroeseJonas Rondbjerg1223532%15:41
2Gage QuinneyIvan MorozovSheldon Rempal1223027%12:54
3Mason MorelliMason PrimeauBrendan Brisson1222221%10:09
4Gordie GreenPatrick GuayMason Geertsen1221320%9:34
5 vs 5 Defense
Line #DefenseDefensePHYDFOFWanted %Time %Time Play
1Daniil ChaykaDaniil Miromanov1223735%17:01
2Ben HuttonKaedan Korczak1223232%15:30
3Layton AhacLukas Cormier1222626%12:39
4Daniil ChaykaDaniil Miromanov12256%3:08
Power Play Forward
Line #Left WingCenterRight WingPHYDFOFWanted %Time %Time Play
1Grigori DenisenkoByron FroeseJonas Rondbjerg1226060%3:48
2Gage QuinneyIvan MorozovSheldon Rempal1224040%2:32
Power Play Defense
Line #DefenseDefensePHYDFOFWanted %Time %Time Play
1Ben HuttonDaniil Miromanov1226052%3:19
2Lukas CormierKaedan Korczak1224048%3:01
Penalty Kill 4 Players Forward
Line #CenterWingPHYDFOFWanted %Time %Time Play
1Jonas RondbjergMason Morelli1225574%2:48
2Grigori DenisenkoSheldon Rempal1224526%0:58
Penalty Kill 4 Players Defense
Line #DefenseDefensePHYDFOFWanted %Time %Time Play
1Ben HuttonDaniil Miromanov1225561%2:18
2Daniil ChaykaKaedan Korczak1224539%1:28
Penalty Kill 3 Players
Line #WingPHYDFOFWanted %Time %Time PlayDefenseDefensePHYDFOFWanted %Time %Time Play
1Byron Froese122600%0:00 Lukas CormierDaniil Miromanov122600%0:00
2Jonas Rondbjerg122400%0:00 Ben HuttonLayton Ahac122400%0:00
4 vs 4 Forward
Line #CenterWingPHYDFOFWanted %Time %Time Play
1Ivan MorozovJonas Rondbjerg12260100%1:36
2Grigori DenisenkoSheldon Rempal122400%0:00
4 vs 4 Defense
Line #DefensePHYDFOFWanted %Time %Time Play
1Daniil ChaykaDaniil Miromanov1226054%60% - 0:52
2Ben HuttonLayton Ahac1224046%40% - 0:44
Last Minutes Offensive
Left WingCenterRight WingDefenseDefense
Grigori DenisenkoByron FroeseJonas RondbjergBen HuttonDaniil Miromanov
Last Minutes Defensive
Left WingCenterRight WingDefenseDefense
Grigori DenisenkoByron FroeseJonas RondbjergBen HuttonDaniil Miromanov
Time
Total ForwardTotal DefenseLast Minutes OffensiveLast Minutes Defensive
60:00 60:00 0:000:00
Extra Forwards
Normal PowerPlayPenalty Kill
Mason Morelli, Brendan Brisson, Mason GeertsenMason Morelli, Brendan BrissonMason Geertsen
Extra Defensemen
Normal PowerPlayPenalty Kill
Lukas Cormier, Daniil Chayka, Kaedan KorczakLukas Cormier, Daniil ChaykaKaedan Korczak
Penalty Shots
Byron Froese, Jonas Rondbjerg, Grigori Denisenko, Sheldon Rempal, Gage Quinney
Goalie
Jiri Patera, Isaiah Saville
Custom OT Lines Forwards
Byron Froese, Jonas Rondbjerg, Grigori Denisenko, Sheldon Rempal, Gage Quinney, Mason Morelli, Brendan Brisson, Mason Geertsen, Ivan Morozov, Mason Primeau
Custom OT Lines Defensemen
Ben Hutton, Daniil Miromanov, Kaedan Korczak, Lukas Cormier, Daniil Chayka
Scratches
Dysin Mayo (Suspend), Jesper Vikman (Healthy)

Calgary Wranglers

5 vs 5 Forward
Line #Left WingCenterRight WingPHYDFOFWanted %Time %Time Play
1Ben JonesKevin RooneyJakob Pelletier1224036%17:29
2Connor ZaryCole SchwindtAdam Klapka1223031%15:11
3Mathias Emilio PettersenClark BishopParker Bell1222024%11:35
4Parker BellRory KerinsJakob Pelletier122108%4:00
5 vs 5 Defense
Line #DefenseDefensePHYDFOFWanted %Time %Time Play
1Nick DeSimoneIlya Solovyov1224037%18:03
2Jeremie PoirierYan Kuznetsov1223032%15:23
3Colton PoolmanBrady Lyle1222023%11:06
4Jeremie PoirierYan Kuznetsov122108%3:43
Power Play Forward
Line #Left WingCenterRight WingPHYDFOFWanted %Time %Time Play
1Mathias Emilio PettersenJakob PelletierKevin Rooney1226063%2:22
2Connor ZaryCole SchwindtAdam Klapka1224037%1:24
Power Play Defense
Line #DefenseDefensePHYDFOFWanted %Time %Time Play
1Nick DeSimoneIlya Solovyov1226077%2:55
2Jeremie PoirierYan Kuznetsov1224023%0:51
Penalty Kill 4 Players Forward
Line #CenterWingPHYDFOFWanted %Time %Time Play
1Mathias Emilio PettersenJakob Pelletier1226075%4:46
2Connor ZaryCole Schwindt1224025%1:34
Penalty Kill 4 Players Defense
Line #DefenseDefensePHYDFOFWanted %Time %Time Play
1Ilya SolovyovColton Poolman1226061%3:51
2Jeremie PoirierYan Kuznetsov1224039%2:29
Penalty Kill 3 Players
Line #WingPHYDFOFWanted %Time %Time PlayDefenseDefensePHYDFOFWanted %Time %Time Play
1Mathias Emilio Pettersen122600%0:00 Nick DeSimoneIlya Solovyov122600%0:00
2Connor Zary122400%0:00 Jeremie PoirierYan Kuznetsov122400%0:00
4 vs 4 Forward
Line #CenterWingPHYDFOFWanted %Time %Time Play
1Jakob PelletierMathias Emilio Pettersen1226083%1:20
2Connor ZaryKevin Rooney1224017%0:16
4 vs 4 Defense
Line #DefensePHYDFOFWanted %Time %Time Play
1Colton PoolmanNick DeSimone1226077%60% - 1:14
2Jeremie PoirierYan Kuznetsov1224023%40% - 0:22
Last Minutes Offensive
Left WingCenterRight WingDefenseDefense
Connor ZaryKevin RooneyJakob PelletierNick DeSimoneIlya Solovyov
Last Minutes Defensive
Left WingCenterRight WingDefenseDefense
Connor ZaryKevin RooneyJakob PelletierNick DeSimoneIlya Solovyov
Time
Total ForwardTotal DefenseLast Minutes OffensiveLast Minutes Defensive
60:00 60:00 0:000:03
Extra Forwards
Normal PowerPlayPenalty Kill
Connor Zary, Jakob Pelletier, Mathias Emilio PettersenConnor Zary, Mathias Emilio PettersenMathias Emilio Pettersen
Extra Defensemen
Normal PowerPlayPenalty Kill
Colton Poolman, Yan Kuznetsov, Jeremie PoirierColton Poolman, Yan KuznetsovJeremie Poirier
Penalty Shots
Cole Schwindt, Jakob Pelletier, Connor Zary, Adam Klapka, Mathias Emilio Pettersen
Goalie
Oscar Dansk, Dustin Wolf
Custom OT Lines Forwards
Kevin Rooney, Jakob Pelletier, Connor Zary, Ben Jones, Mathias Emilio Pettersen, Cole Schwindt, Adam Klapka, Clark Bishop, Parker Bell, Rory Kerins
Custom OT Lines Defensemen
Brady Lyle, Nick DeSimone, Jeremie Poirier, Yan Kuznetsov, Colton Poolman
Scratches
Matt Coronato (Right Hip Injury), Ilya Nikolaev (Healthy), William Stromgren (Healthy), Daniil Chechelev (Healthy)


Play-by-Play

1st period


0:01 of 1st period - Byron Froese wins face-off versus Kevin Rooney in neutral zone.
0:23 of 1st period - Icing by Daniil Miromanov.
0:24 of 1st period - Cole Schwindt wins face-off versus Ivan Morozov in Henderson Silver Knights zone.
0:37 of 1st period - Backhand shot by Connor Zary.
0:37 of 1st period - Deflect By Daniil Miromanov.
0:37 of 1st period - Shot Blocked by Daniil Chayka.
0:37 of 1st period - Puck is out of play.
0:38 of 1st period - Clark Bishop wins face-off versus Mason Primeau in Henderson Silver Knights zone.
1:03 of 1st period - Snap shot by Ben Jones.
1:03 of 1st period - Deflect By Jakob Pelletier.
1:03 of 1st period - Shot Misses the Net.
1:03 of 1st period - Puck is out of play.
1:04 of 1st period - Kevin Rooney wins face-off versus Patrick Guay in Henderson Silver Knights zone.
1:05 of 1st period - Slapshot by Jakob Pelletier.
1:05 of 1st period - Stopped by Jiri Patera with a rebound.
1:07 of 1st period - Snap shot by Jakob Pelletier.
1:07 of 1st period - Goal by Jakob Pelletier - Henderson Silver Knights : 0 - Calgary Wranglers : 1.
1:08 of 1st period - Rory Kerins wins face-off versus Sheldon Rempal in neutral zone.
1:19 of 1st period - Snap shot by Jeremie Poirier.
1:19 of 1st period - Shot Misses the Net.
1:21 of 1st period - Slapshot by Jakob Pelletier.
1:21 of 1st period - Shot Misses the Net.
1:23 of 1st period - Wrist shot by Jakob Pelletier.
1:23 of 1st period - Stopped by Jiri Patera without a rebound.
1:24 of 1st period - Byron Froese wins face-off versus Cole Schwindt in Henderson Silver Knights zone.
1:39 of 1st period - Nick DeSimone is hit by Daniil Miromanov and loses puck.
2:54 of 1st period - Wrist shot by Daniil Miromanov.
2:54 of 1st period - Shot Blocked by Parker Bell.
3:15 of 1st period - Snap shot by Patrick Guay.
3:15 of 1st period - Shot Blocked by Yan Kuznetsov.
3:17 of 1st period - Snap shot by Mason Geertsen.
3:17 of 1st period - Shot Blocked by Jeremie Poirier.
3:33 of 1st period - Slapshot by Daniil Miromanov.
3:33 of 1st period - Deflect By Clark Bishop.
3:33 of 1st period - Stopped by Oscar Dansk with a rebound.
3:37 of 1st period - Wrist shot by Patrick Guay.
3:37 of 1st period - Deflect By Mason Geertsen.
3:37 of 1st period - Stopped by Oscar Dansk with a rebound.
3:41 of 1st period - Slapshot by Gordie Green.
3:41 of 1st period - Shot Misses the Net.
4:15 of 1st period - Snap shot by Patrick Guay.
4:15 of 1st period - Shot Blocked by Jeremie Poirier.
4:31 of 1st period - Slapshot by Daniil Miromanov.
4:31 of 1st period - Deflect By Patrick Guay.
4:31 of 1st period - Shot Misses the Net.
4:31 of 1st period - Puck is out of play.
4:32 of 1st period - Byron Froese wins face-off versus Kevin Rooney in Calgary Wranglers zone.
4:36 of 1st period - Icing by Nick DeSimone.
4:37 of 1st period - Byron Froese wins face-off versus Kevin Rooney in Calgary Wranglers zone.
4:42 of 1st period - Wrist shot by Grigori Denisenko.
4:42 of 1st period - Shot Blocked by Ilya Solovyov.
4:51 of 1st period - Wrist shot by Jakob Pelletier.
4:51 of 1st period - Stopped by Jiri Patera with a rebound.
7:01 of 1st period - Jakob Pelletier is hit by Grigori Denisenko and loses puck.
7:13 of 1st period - Icing by Gage Quinney.
7:14 of 1st period - Cole Schwindt wins face-off versus Ivan Morozov in Henderson Silver Knights zone.
8:34 of 1st period - Icing by Ilya Solovyov.
8:35 of 1st period - Rory Kerins wins face-off versus Mason Primeau in Calgary Wranglers zone.
9:29 of 1st period - Snap shot by Sheldon Rempal.
9:29 of 1st period - Stopped by Oscar Dansk with a rebound.
10:37 of 1st period - Kevin Rooney is hit by Grigori Denisenko and loses puck.
11:04 of 1st period - Clark Bishop is hit by Mason Geertsen and loses puck.
12:26 of 1st period - Jonas Rondbjerg is hit by Kevin Rooney and loses puck.
12:37 of 1st period - Connor Zary is hit by Ben Hutton and loses puck.
13:40 of 1st period - Off-side.
13:41 of 1st period - Rory Kerins wins face-off versus Byron Froese in neutral zone.
14:15 of 1st period - Snap shot by Gage Quinney.
14:15 of 1st period - Deflect By Mason Morelli.
14:15 of 1st period - Shot Misses the Net.
14:15 of 1st period - Puck is out of play.
14:16 of 1st period - Clark Bishop wins face-off versus Mason Primeau in Calgary Wranglers zone.
14:16 of 1st period - Clark Bishop is hit by Kaedan Korczak.
14:24 of 1st period - Wrist shot by Mathias Emilio Pettersen.
14:24 of 1st period - Stopped by Jiri Patera with a rebound.
14:26 of 1st period - Slapshot by Nick DeSimone.
14:26 of 1st period - Deflect By Mathias Emilio Pettersen.
14:26 of 1st period - Shot Misses the Net.
14:26 of 1st period - Puck is out of play.
14:27 of 1st period - Kevin Rooney wins face-off versus Byron Froese in Henderson Silver Knights zone.
15:01 of 1st period - Snap shot by Cole Schwindt.
15:01 of 1st period - Stopped by Jiri Patera with a rebound.
15:03 of 1st period - Wrist shot by Adam Klapka.
15:03 of 1st period - Shot Blocked by Ben Hutton.
15:05 of 1st period - Slapshot by Adam Klapka.
15:05 of 1st period - Shot Misses the Net.
15:19 of 1st period - Snap shot by Mathias Emilio Pettersen.
15:19 of 1st period - Shot Misses the Net.
15:28 of 1st period - Ben Hutton is hit by Jakob Pelletier and loses puck.
15:35 of 1st period - Wrist shot by Gage Quinney.
15:35 of 1st period - Shot Misses the Net.
15:41 of 1st period - Kaedan Korczak is hit by Ben Jones and loses puck.
15:58 of 1st period - Snap shot by Grigori Denisenko.
15:58 of 1st period - Shot Blocked by Adam Klapka.
17:21 of 1st period - Wrist shot by Grigori Denisenko.
17:21 of 1st period - Stopped by Oscar Dansk without a rebound.
17:22 of 1st period - Cole Schwindt wins face-off versus Mason Primeau in Calgary Wranglers zone.
17:28 of 1st period - Off-side.
17:29 of 1st period - Mason Primeau wins face-off versus Cole Schwindt in neutral zone.
17:43 of 1st period - Slapshot by Cole Schwindt.
17:43 of 1st period - Stopped by Jiri Patera without a rebound.
17:44 of 1st period - Byron Froese wins face-off versus Kevin Rooney in Henderson Silver Knights zone.
17:49 of 1st period - Wrist shot by Jakob Pelletier.
17:49 of 1st period - Stopped by Jiri Patera with a rebound.
17:51 of 1st period - Backhand shot by Jakob Pelletier.
17:51 of 1st period - Stopped by Jiri Patera without a rebound.
17:52 of 1st period - Byron Froese wins face-off versus Kevin Rooney in Henderson Silver Knights zone.
17:52 of 1st period - Byron Froese is hit by Nick DeSimone.
18:00 of 1st period - Snap shot by Jakob Pelletier.
18:00 of 1st period - Shot Blocked by Jonas Rondbjerg.
18:02 of 1st period - Snap shot by Nick DeSimone.
18:02 of 1st period - Shot Blocked by Ben Hutton.
18:04 of 1st period - Snap shot by Kevin Rooney.
18:04 of 1st period - Stopped by Jiri Patera without a rebound.
18:05 of 1st period - Byron Froese wins face-off versus Kevin Rooney in Henderson Silver Knights zone.
18:05 of 1st period - Byron Froese is hit by Ben Jones.
18:17 of 1st period - Byron Froese is hit by Kevin Rooney and loses puck.
18:41 of 1st period - Wrist shot by Sheldon Rempal.
18:41 of 1st period - Goal by Sheldon Rempal - Henderson Silver Knights : 1 - Calgary Wranglers : 1.
18:42 of 1st period - Kevin Rooney wins face-off versus Byron Froese in neutral zone.
18:55 of 1st period - Wrist shot by Byron Froese.
18:55 of 1st period - Shot Misses the Net.
18:57 of 1st period - Slapshot by Daniil Miromanov.
18:57 of 1st period - Deflect By Kevin Rooney.
18:57 of 1st period - Stopped by Oscar Dansk with a rebound.
19:09 of 1st period - Daniil Miromanov is hit by Nick DeSimone and loses puck.
19:20 of 1st period - Snap shot by Connor Zary.
19:20 of 1st period - Stopped by Jiri Patera without a rebound.
19:21 of 1st period - Byron Froese wins face-off versus Clark Bishop in Henderson Silver Knights zone.
Goals for this period are 1 for Henderson Silver Knights vs 1 for Calgary Wranglers.
Shots for this period are 6 for Henderson Silver Knights vs 11 for Calgary Wranglers.

2nd period


0:01 of 2nd period - Kevin Rooney wins face-off versus Byron Froese in neutral zone.
0:12 of 2nd period - Wrist shot by Jakob Pelletier.
0:12 of 2nd period - Deflect By Ben Jones.
0:12 of 2nd period - Stopped by Jiri Patera with a rebound.
0:45 of 2nd period - Wrist shot by Brendan Brisson.
0:45 of 2nd period - Shot Blocked by Parker Bell.
0:47 of 2nd period - Slapshot by Lukas Cormier.
0:47 of 2nd period - Shot Misses the Net.
0:49 of 2nd period - Snap shot by Mason Morelli.
0:49 of 2nd period - Shot Misses the Net.
0:51 of 2nd period - Slapshot by Ben Hutton.
0:51 of 2nd period - Shot Blocked by Clark Bishop.
0:53 of 2nd period - Slapshot by Mason Morelli.
0:53 of 2nd period - Goal by Mason Morelli - Henderson Silver Knights : 2 - Calgary Wranglers : 1.
0:54 of 2nd period - Byron Froese wins face-off versus Kevin Rooney in neutral zone.
1:01 of 2nd period - Snap shot by Ben Jones.
1:01 of 2nd period - Deflect By Jakob Pelletier.
1:01 of 2nd period - Shot Blocked by Grigori Denisenko.
1:01 of 2nd period - Puck is out of play.
1:02 of 2nd period - Jakob Pelletier wins face-off versus Grigori Denisenko in Henderson Silver Knights zone.
1:32 of 2nd period - Slapshot by Daniil Miromanov.
1:32 of 2nd period - Stopped by Oscar Dansk with a rebound.
1:38 of 2nd period - Snap shot by Kevin Rooney.
1:38 of 2nd period - Shot Misses the Net.
1:40 of 2nd period - Wrist shot by Ben Jones.
1:40 of 2nd period - Shot Blocked by Byron Froese.
1:42 of 2nd period - Wrist shot by Jakob Pelletier.
1:42 of 2nd period - Deflect By Kevin Rooney.
1:42 of 2nd period - Stopped by Jiri Patera with a rebound.
1:44 of 2nd period - Snap shot by Nick DeSimone.
1:44 of 2nd period - Shot Blocked by Daniil Miromanov.
1:46 of 2nd period - Snap shot by Nick DeSimone.
1:46 of 2nd period - Shot Blocked by Daniil Miromanov.
1:48 of 2nd period - Snap shot by Jakob Pelletier.
1:48 of 2nd period - Stopped by Jiri Patera with a rebound.
1:50 of 2nd period - Slapshot by Ilya Solovyov.
1:50 of 2nd period - Deflect By Kevin Rooney.
1:50 of 2nd period - Shot Blocked by Daniil Miromanov.
1:50 of 2nd period - Puck is out of play.
1:51 of 2nd period - Cole Schwindt wins face-off versus Ivan Morozov in Henderson Silver Knights zone.
1:54 of 2nd period - Slapshot by Cole Schwindt.
1:54 of 2nd period - Shot Misses the Net.
1:56 of 2nd period - Snap shot by Adam Klapka.
1:56 of 2nd period - Goal by Adam Klapka - Henderson Silver Knights : 2 - Calgary Wranglers : 2.
1:57 of 2nd period - Ivan Morozov wins face-off versus Cole Schwindt in neutral zone.
2:04 of 2nd period - Wrist shot by Gage Quinney.
2:04 of 2nd period - Stopped by Oscar Dansk with a rebound.
2:34 of 2nd period - Wrist shot by Mathias Emilio Pettersen.
2:34 of 2nd period - Stopped by Jiri Patera with a rebound.
2:37 of 2nd period - Icing by Sheldon Rempal.
2:38 of 2nd period - Kevin Rooney wins face-off versus Ivan Morozov in Henderson Silver Knights zone.
2:47 of 2nd period - Wrist shot by Sheldon Rempal.
2:47 of 2nd period - Stopped by Oscar Dansk with a rebound.
2:49 of 2nd period - Slapshot by Daniil Chayka.
2:49 of 2nd period - Stopped by Oscar Dansk without a rebound.
2:50 of 2nd period - Kevin Rooney wins face-off versus Mason Primeau in Calgary Wranglers zone.
2:59 of 2nd period - Wrist shot by Ben Jones.
2:59 of 2nd period - Stopped by Jiri Patera without a rebound.
3:00 of 2nd period - Kevin Rooney wins face-off versus Brendan Brisson in Henderson Silver Knights zone.
3:01 of 2nd period - Snap shot by Jakob Pelletier.
3:01 of 2nd period - Stopped by Jiri Patera with a rebound.
3:09 of 2nd period - Layton Ahac is hit by Kevin Rooney and loses puck.
3:18 of 2nd period - Wrist shot by Jakob Pelletier.
3:18 of 2nd period - Stopped by Jiri Patera with a rebound.
3:20 of 2nd period - Minor Penalty to Brendan Brisson for Interference.
3:21 of 2nd period - Jonas Rondbjerg wins face-off versus Jakob Pelletier in Henderson Silver Knights zone.
3:36 of 2nd period - Slapshot by Mathias Emilio Pettersen.
3:36 of 2nd period - Deflect By Jakob Pelletier.
3:36 of 2nd period - Goal by Jakob Pelletier - Henderson Silver Knights : 2 - Calgary Wranglers : 3.
3:37 of 2nd period - Grigori Denisenko wins face-off versus Connor Zary in neutral zone.
3:42 of 2nd period - Snap shot by Grigori Denisenko.
3:42 of 2nd period - Shot Misses the Net.
4:06 of 2nd period - Backhand shot by Nick DeSimone.
4:06 of 2nd period - Stopped by Jiri Patera with a rebound.
4:08 of 2nd period - Wrist shot by Mathias Emilio Pettersen.
4:08 of 2nd period - Goal by Mathias Emilio Pettersen - Henderson Silver Knights : 2 - Calgary Wranglers : 4.
4:09 of 2nd period - Kevin Rooney wins face-off versus Ivan Morozov in neutral zone.
5:07 of 2nd period - Slapshot by Nick DeSimone.
5:07 of 2nd period - Shot Misses the Net.
5:34 of 2nd period - Patrick Guay is hit by Kevin Rooney and loses puck.
6:24 of 2nd period - Slapshot by Parker Bell.
6:24 of 2nd period - Shot Blocked by Daniil Miromanov.
6:47 of 2nd period - Slapshot by Ben Jones.
6:47 of 2nd period - Stopped by Jiri Patera with a rebound.
7:09 of 2nd period - Mathias Emilio Pettersen is hit by Jonas Rondbjerg and loses puck.
7:14 of 2nd period - Slapshot by Daniil Miromanov.
7:14 of 2nd period - Deflect By Jeremie Poirier.
7:14 of 2nd period - Stopped by Oscar Dansk with a rebound.
7:16 of 2nd period - Slapshot by Byron Froese.
7:16 of 2nd period - Shot Misses the Net.
7:18 of 2nd period - Wrist shot by Jonas Rondbjerg.
7:18 of 2nd period - Stopped by Oscar Dansk with a rebound.
7:28 of 2nd period - Snap shot by Cole Schwindt.
7:28 of 2nd period - Shot Blocked by Mason Morelli.
8:55 of 2nd period - Rory Kerins is hit by Jonas Rondbjerg and loses puck.
9:23 of 2nd period - Icing by Ivan Morozov.
9:24 of 2nd period - Ivan Morozov wins face-off versus Parker Bell in Henderson Silver Knights zone.
9:31 of 2nd period - Snap shot by Brendan Brisson.
9:31 of 2nd period - Shot Misses the Net.
9:33 of 2nd period - Snap shot by Mason Morelli.
9:33 of 2nd period - Stopped by Oscar Dansk with a rebound.
9:35 of 2nd period - Slapshot by Kaedan Korczak.
9:35 of 2nd period - Stopped by Oscar Dansk with a rebound.
9:37 of 2nd period - Snap shot by Mason Morelli.
9:37 of 2nd period - Stopped by Oscar Dansk with a rebound.
9:39 of 2nd period - Slapshot by Ben Hutton.
9:39 of 2nd period - Stopped by Oscar Dansk without a rebound.
9:40 of 2nd period - Byron Froese wins face-off versus Cole Schwindt in Calgary Wranglers zone.
10:07 of 2nd period - Sheldon Rempal is hit by Kevin Rooney and loses puck.
10:34 of 2nd period - Snap shot by Clark Bishop.
10:34 of 2nd period - Shot Misses the Net.
10:36 of 2nd period - Wrist shot by Mathias Emilio Pettersen.
10:36 of 2nd period - Shot Misses the Net.
10:46 of 2nd period - Cole Schwindt is hit by Mason Morelli and loses puck.
10:55 of 2nd period - Snap shot by Brendan Brisson.
10:55 of 2nd period - Shot Misses the Net.
10:57 of 2nd period - Backhand shot by Kaedan Korczak.
10:57 of 2nd period - Stopped by Oscar Dansk with a rebound.
10:59 of 2nd period - Slapshot by Ben Hutton.
10:59 of 2nd period - Shot Blocked by Brady Lyle.
12:21 of 2nd period - Snap shot by Ben Hutton.
12:21 of 2nd period - Deflect By Patrick Guay.
12:21 of 2nd period - Shot Misses the Net.
12:21 of 2nd period - Puck is out of play.
12:22 of 2nd period - Byron Froese wins face-off versus Cole Schwindt in Calgary Wranglers zone.
12:23 of 2nd period - Slapshot by Grigori Denisenko.
12:23 of 2nd period - Stopped by Oscar Dansk with a rebound.
12:35 of 2nd period - Snap shot by Grigori Denisenko.
12:35 of 2nd period - Stopped by Oscar Dansk without a rebound.
12:36 of 2nd period - Kevin Rooney wins face-off versus Ivan Morozov in Calgary Wranglers zone.
13:01 of 2nd period - Cole Schwindt is hit by Daniil Miromanov and loses puck.
13:21 of 2nd period - Icing by Cole Schwindt.
13:22 of 2nd period - Cole Schwindt wins face-off versus Ivan Morozov in Calgary Wranglers zone.
13:34 of 2nd period - Off-side.
13:35 of 2nd period - Byron Froese wins face-off versus Kevin Rooney in neutral zone.
14:22 of 2nd period - Cole Schwindt is hit by Mason Geertsen and loses puck.
14:39 of 2nd period - Snap shot by Brendan Brisson.
14:39 of 2nd period - Stopped by Oscar Dansk without a rebound.
14:40 of 2nd period - Kevin Rooney wins face-off versus Mason Primeau in Calgary Wranglers zone.
14:49 of 2nd period - Snap shot by Jakob Pelletier.
14:49 of 2nd period - Shot Misses the Net.
14:51 of 2nd period - Wrist shot by Ben Jones.
14:51 of 2nd period - Shot Misses the Net.
14:53 of 2nd period - Wrist shot by Jakob Pelletier.
14:53 of 2nd period - Stopped by Jiri Patera without a rebound.
14:54 of 2nd period - Byron Froese wins face-off versus Kevin Rooney in Henderson Silver Knights zone.
15:03 of 2nd period - Snap shot by Ben Jones.
15:03 of 2nd period - Shot Blocked by Byron Froese.
15:05 of 2nd period - Snap shot by Ilya Solovyov.
15:05 of 2nd period - Deflect By Daniil Miromanov.
15:05 of 2nd period - Stopped by Jiri Patera without a rebound.
15:06 of 2nd period - Byron Froese wins face-off versus Kevin Rooney in Henderson Silver Knights zone.
15:19 of 2nd period - Snap shot by Jonas Rondbjerg.
15:19 of 2nd period - Stopped by Oscar Dansk with a rebound.
15:21 of 2nd period - Snap shot by Byron Froese.
15:21 of 2nd period - Shot Misses the Net.
15:27 of 2nd period - Minor Penalty to Ben Jones for High sticking.
15:28 of 2nd period - Mathias Emilio Pettersen wins face-off versus Jonas Rondbjerg in Calgary Wranglers zone.
15:28 of 2nd period - Mathias Emilio Pettersen is hit by Jonas Rondbjerg.
15:42 of 2nd period - Slapshot by Jakob Pelletier.
15:42 of 2nd period - Stopped by Jiri Patera with a rebound.
16:14 of 2nd period - Jonas Rondbjerg is hit by Cole Schwindt and loses puck.
17:27 of 2nd period - Penalty to Ben Jones is over, Ben Jones is back on ice.
17:37 of 2nd period - Wrist shot by Kaedan Korczak.
17:37 of 2nd period - Goal by Kaedan Korczak - Henderson Silver Knights : 3 - Calgary Wranglers : 4.
17:38 of 2nd period - Ivan Morozov wins face-off versus Kevin Rooney in neutral zone.
17:38 of 2nd period - Ivan Morozov is hit by Ben Jones.
17:44 of 2nd period - Slapshot by Daniil Miromanov.
17:44 of 2nd period - Shot Misses the Net.
18:28 of 2nd period - Jonas Rondbjerg is hit by Clark Bishop and loses puck.
18:35 of 2nd period - Brady Lyle is hit by Ben Hutton and loses puck.
18:52 of 2nd period - Wrist shot by Ben Jones.
18:52 of 2nd period - Stopped by Jiri Patera with a rebound.
19:02 of 2nd period - Slapshot by Kaedan Korczak.
19:02 of 2nd period - Deflect By Gage Quinney.
19:02 of 2nd period - Shot Misses the Net.
19:02 of 2nd period - Puck is out of play.
19:03 of 2nd period - Connor Zary wins face-off versus Ivan Morozov in Calgary Wranglers zone.
19:16 of 2nd period - Sheldon Rempal is hit by Cole Schwindt and loses puck.
19:27 of 2nd period - Ben Jones is hit by Grigori Denisenko and loses puck.
19:32 of 2nd period - Wrist shot by Grigori Denisenko.
19:32 of 2nd period - Stopped by Oscar Dansk with a rebound.
19:48 of 2nd period - Ilya Solovyov is hit by Mason Primeau and loses puck.
19:53 of 2nd period - Backhand shot by Daniil Miromanov.
19:53 of 2nd period - Stopped by Oscar Dansk with a rebound.
19:55 of 2nd period - Slapshot by Brendan Brisson.
19:55 of 2nd period - Shot Blocked by Nick DeSimone.
19:57 of 2nd period - Wrist shot by Brendan Brisson.
19:57 of 2nd period - Stopped by Oscar Dansk with a rebound.
19:59 of 2nd period - Wrist shot by Mason Morelli.
19:59 of 2nd period - Stopped by Oscar Dansk without a rebound.
Goals for this period are 2 for Henderson Silver Knights vs 3 for Calgary Wranglers.
Shots for this period are 21 for Henderson Silver Knights vs 16 for Calgary Wranglers.

3rd period


0:01 of 3rd period - Grigori Denisenko wins face-off versus Kevin Rooney in neutral zone.
0:09 of 3rd period - Minor Penalty to Ben Jones for High sticking.
0:10 of 3rd period - Mathias Emilio Pettersen wins face-off versus Byron Froese in Calgary Wranglers zone.
0:37 of 3rd period - Colton Poolman is hit by Sheldon Rempal and loses puck.
1:06 of 3rd period - Slapshot by Connor Zary.
1:06 of 3rd period - Shot Misses the Net.
2:09 of 3rd period - Penalty to Ben Jones is over, Ben Jones is back on ice.
2:25 of 3rd period - Layton Ahac is hit by Jeremie Poirier and loses puck.
2:32 of 3rd period - Cole Schwindt is hit by Mason Geertsen.
2:52 of 3rd period - Minor Penalty to Brendan Brisson for Roughing.
2:53 of 3rd period - Kevin Rooney wins face-off versus Jonas Rondbjerg in Henderson Silver Knights zone.
3:02 of 3rd period - Snap shot by Jakob Pelletier.
3:02 of 3rd period - Shot Misses the Net.
3:04 of 3rd period - Wrist shot by Ilya Solovyov.
3:04 of 3rd period - Shot Misses the Net.
3:26 of 3rd period - Snap shot by Cole Schwindt.
3:26 of 3rd period - Shot Blocked by Ben Hutton.
4:12 of 3rd period - Icing by Jeremie Poirier.
4:13 of 3rd period - Kevin Rooney wins face-off versus Grigori Denisenko in Calgary Wranglers zone.
4:52 of 3rd period - Penalty to Brendan Brisson is over, Brendan Brisson is back on ice.
5:00 of 3rd period - Jonas Rondbjerg is hit by Parker Bell and loses puck.
5:33 of 3rd period - Slapshot by Lukas Cormier.
5:33 of 3rd period - Deflect By Mason Geertsen.
5:33 of 3rd period - Stopped by Oscar Dansk without a rebound.
5:34 of 3rd period - Patrick Guay wins face-off versus Connor Zary in Calgary Wranglers zone.
5:41 of 3rd period - Wrist shot by Connor Zary.
5:41 of 3rd period - Stopped by Jiri Patera with a rebound.
5:43 of 3rd period - Wrist shot by Adam Klapka.
5:43 of 3rd period - Shot Misses the Net.
5:45 of 3rd period - Wrist shot by Yan Kuznetsov.
5:45 of 3rd period - Stopped by Jiri Patera without a rebound.
5:46 of 3rd period - Ivan Morozov wins face-off versus Mathias Emilio Pettersen in Henderson Silver Knights zone.
5:53 of 3rd period - Layton Ahac is hit by Mathias Emilio Pettersen and loses puck.
6:02 of 3rd period - Wrist shot by Mathias Emilio Pettersen.
6:02 of 3rd period - Deflect By Clark Bishop.
6:02 of 3rd period - Stopped by Jiri Patera with a rebound.
6:19 of 3rd period - Slapshot by Jeremie Poirier.
6:19 of 3rd period - Shot Blocked by Layton Ahac.
6:53 of 3rd period - Minor Penalty to Brady Lyle for High sticking.
6:54 of 3rd period - Mathias Emilio Pettersen wins face-off versus Byron Froese in Calgary Wranglers zone.
6:54 of 3rd period - Mathias Emilio Pettersen is hit by Grigori Denisenko.
7:01 of 3rd period - Wrist shot by Grigori Denisenko.
7:01 of 3rd period - Stopped by Oscar Dansk without a rebound.
7:02 of 3rd period - Mathias Emilio Pettersen wins face-off versus Byron Froese in Calgary Wranglers zone.
8:26 of 3rd period - Sheldon Rempal is hit by Parker Bell and loses puck.
8:49 of 3rd period - Byron Froese is hit by Cole Schwindt.
8:53 of 3rd period - Penalty to Brady Lyle is over, Brady Lyle is back on ice.
9:23 of 3rd period - Ben Jones is hit by Layton Ahac and loses puck.
9:38 of 3rd period - Mason Morelli is hit by Colton Poolman and loses puck.
11:19 of 3rd period - Mathias Emilio Pettersen is hit by Daniil Miromanov and loses puck.
11:54 of 3rd period - Slapshot by Lukas Cormier.
11:54 of 3rd period - Stopped by Oscar Dansk without a rebound.
11:55 of 3rd period - Cole Schwindt wins face-off versus Patrick Guay in Calgary Wranglers zone.
12:07 of 3rd period - Connor Zary is hit by Mason Geertsen and loses puck.
12:41 of 3rd period - Slapshot by Ben Hutton.
12:41 of 3rd period - Stopped by Oscar Dansk with a rebound.
12:43 of 3rd period - Snap shot by Ben Hutton.
12:43 of 3rd period - Shot Misses the Net.
12:47 of 3rd period - Snap shot by Gage Quinney.
12:47 of 3rd period - Stopped by Oscar Dansk with a rebound.
13:04 of 3rd period - Slapshot by Brendan Brisson.
13:04 of 3rd period - Shot Blocked by Adam Klapka.
13:36 of 3rd period - Snap shot by Patrick Guay.
13:36 of 3rd period - Shot Blocked by Cole Schwindt.
13:43 of 3rd period - Snap shot by Lukas Cormier.
13:43 of 3rd period - Deflect By Connor Zary.
13:43 of 3rd period - Stopped by Oscar Dansk with a rebound.
13:45 of 3rd period - Snap shot by Mason Geertsen.
13:45 of 3rd period - Stopped by Oscar Dansk with a rebound.
13:55 of 3rd period - Snap shot by Sheldon Rempal.
13:55 of 3rd period - Shot Misses the Net.
14:02 of 3rd period - Off-side.
14:03 of 3rd period - Byron Froese wins face-off versus Jakob Pelletier in neutral zone.
14:17 of 3rd period - Snap shot by Jakob Pelletier.
14:17 of 3rd period - Shot Misses the Net.
14:27 of 3rd period - Grigori Denisenko is hit by Clark Bishop and loses puck.
14:44 of 3rd period - Wrist shot by Jonas Rondbjerg.
14:44 of 3rd period - Shot Misses the Net.
14:46 of 3rd period - Wrist shot by Daniil Miromanov.
14:46 of 3rd period - Deflect By Jonas Rondbjerg.
14:46 of 3rd period - Stopped by Oscar Dansk without a rebound.
14:47 of 3rd period - Kevin Rooney wins face-off versus Gage Quinney in Calgary Wranglers zone.
14:47 of 3rd period - Kevin Rooney is hit by Sheldon Rempal.
14:54 of 3rd period - Minor Penalty to Ivan Morozov for Goalie Interference.
14:55 of 3rd period - Jonas Rondbjerg wins face-off versus Jakob Pelletier in Henderson Silver Knights zone.
15:17 of 3rd period - Minor Penalty to Ilya Solovyov for Cross-checking.
15:18 of 3rd period - Jakob Pelletier wins face-off versus Jonas Rondbjerg in Calgary Wranglers zone.
15:31 of 3rd period - Snap shot by Jonas Rondbjerg.
15:31 of 3rd period - Stopped by Oscar Dansk without a rebound.
15:32 of 3rd period - Mathias Emilio Pettersen wins face-off versus Mason Morelli in Calgary Wranglers zone.
16:03 of 3rd period - Jonas Rondbjerg is hit by Mathias Emilio Pettersen and loses puck.
16:18 of 3rd period - Snap shot by Connor Zary.
16:18 of 3rd period - Shot Misses the Net.
16:20 of 3rd period - Wrist shot by Connor Zary.
16:20 of 3rd period - Stopped by Jiri Patera with a rebound.
16:22 of 3rd period - Slapshot by Yan Kuznetsov.
16:22 of 3rd period - Deflect By Mason Morelli.
16:22 of 3rd period - Stopped by Jiri Patera with a rebound.
16:24 of 3rd period - Snap shot by Kevin Rooney.
16:24 of 3rd period - Stopped by Jiri Patera with a rebound.
16:26 of 3rd period - Slapshot by Colton Poolman.
16:26 of 3rd period - Stopped by Jiri Patera without a rebound.
16:27 of 3rd period - Mason Morelli wins face-off versus Jakob Pelletier in Henderson Silver Knights zone.
16:48 of 3rd period - Nick DeSimone is hit by Layton Ahac and loses puck.
16:54 of 3rd period - Penalty to Ivan Morozov is over, Ivan Morozov is back on ice.
17:07 of 3rd period - Yan Kuznetsov is hit by Mason Morelli and loses puck.
17:17 of 3rd period - Penalty to Ilya Solovyov is over, Ilya Solovyov is back on ice.
17:56 of 3rd period - Wrist shot by Mason Morelli.
17:56 of 3rd period - Stopped by Oscar Dansk without a rebound.
17:57 of 3rd period - Byron Froese wins face-off versus Kevin Rooney in Calgary Wranglers zone.
18:22 of 3rd period - Brendan Brisson is hit by Clark Bishop and loses puck.
18:31 of 3rd period - Snap shot by Gage Quinney.
18:31 of 3rd period - Stopped by Oscar Dansk with a rebound.
18:51 of 3rd period - Minor Penalty to Kaedan Korczak for Delaying the game.
18:52 of 3rd period - Jakob Pelletier wins face-off versus Jonas Rondbjerg in Henderson Silver Knights zone.
18:55 of 3rd period - Slapshot by Kevin Rooney.
18:55 of 3rd period - Deflect By Jakob Pelletier.
18:55 of 3rd period - Shot Blocked by Daniil Chayka.
18:55 of 3rd period - Puck is out of play.
18:56 of 3rd period - Bruce Cassidy call a timeout for Henderson Silver Knights.
18:56 of 3rd period - Jonas Rondbjerg wins face-off versus Jakob Pelletier in Henderson Silver Knights zone.
19:09 of 3rd period - Snap shot by Mason Morelli.
19:09 of 3rd period - Stopped by Oscar Dansk without a rebound.
19:10 of 3rd period - Jonas Rondbjerg wins face-off versus Jakob Pelletier in Calgary Wranglers zone.
19:21 of 3rd period - Wrist shot by Jonas Rondbjerg.
19:21 of 3rd period - Stopped by Oscar Dansk with a rebound.
Goals for this period are 0 for Henderson Silver Knights vs 0 for Calgary Wranglers.
Shots for this period are 13 for Henderson Silver Knights vs 7 for Calgary Wranglers.